 Dungeon Crawl Stone Soup version 0.27-a0-1123-g2f9bb313c0 (webtiles) character file.

Game seed: 17676856734264517875

156 karrick the Slasher (level 5, -1/39 HPs)
             Began as a Djinni Gladiator on May 4, 2021.
             Slain by an orc
             ... wielding a +0 flail
              (9 damage)
             ... on level 4 of the Dungeon.
             The game lasted 00:03:41 (3168 turns).

karrick the Slasher (Djinni Gladiator)              Turns: 3168, Time: 00:03:42

Health: -1/39      AC:  4    Str: 13    XL:     5   Next: 37%
Gold:   154        EV: 13    Int: 10    God:
                   SH:  0    Dex: 15

rFire    + + .     SeeInvis .   a - +0 long sword
rCold    x . .     Faith    .   (no shield)
rNeg     . . .     Spirit   .   b - +0 leather armour
rPois    ∞         Reflect  .   c - +0 helmet
rElec    .         Harm     .   o - scarf {+Inv}
rCorr    .         Rampage  .   (no gloves)
Will     .....                  (boots unavailable)
Stlth    ++........             g - amulet of the acrobat
HPRegen  0.13/turn              (no ring)
MPRegen  0.00/turn              (no ring)

@: attractive, flying, hasted, very quick
A: fire resistance 2, cold vulnerability 1, float, innate caster, hp casting,
extra vitality 1
a: Evoke Invisibility


You were on level 4 of the Dungeon.
You visited 1 branch of the dungeon, and saw 4 of its levels.

You collected 154 gold pieces.

Inventory:

Hand Weapons
 a - a +0 long sword (weapon)
Missiles
 d - 3 throwing nets (quivered)
Armour
 b - a +0 leather armour (worn)
 c - a +0 helmet (worn)
 o - a scarf of invisibility (worn)
Jewellery
 g - an amulet of the acrobat (around neck)
 k - a ring of resist corrosion
Scrolls
 e - 2 scrolls of teleportation {unknown}
 f - 3 scrolls of identify {unknown}
 j - 3 scrolls of enchant armour {unknown}
 l - 2 scrolls of vulnerability {unknown}
 n - 2 scrolls of immolation {unknown}
 p - a scroll of brand weapon {unknown}
 r - a scroll of blinking {unknown}
Potions
 i - a potion of cancellation


   Skills:
 + Level 2.6 Fighting
 + Level 4.0 Long Blades
 + Level 1.8 Throwing
 + Level 1.5 Armour
 + Level 3.6 Dodging
 + Level 1.1 Stealth
 * Level 0.8 Evocations


You had one spell level left.
You knew the following spells:

 Your Spells              Type           Power      Damage    Failure   Level
a - Apportation           Tloc           0%         N/A       43%         1
b - Wereblood             Tmut           0%         N/A       58%         2
Your spell library was empty.

Dungeon Overview and Level Annotations

Branches:
Dungeon (4/15)
 Temple: D:4-7

Altars:

Shops:
D:1 [


Innate Abilities, Weirdness & Mutations

You are immune to poison.
Your flesh is very heat resistant. (rF++)
You are vulnerable to cold. (rC-)
You float through the air rather than walking.
You learn spells naturally, not from books.
Your magical power is your life essence.
You have superior vitality. (+4 HP)


Message History

Your Long Blades skill increases to level 4!
Unknown command.
It was a potion of curing.
You feel better. The orc hits you with a +0 flail.
* * * LOW HITPOINT WARNING * * *
The orc misses you.
You feel better. The orc misses you.
You riposte.
You hit the orc.
The orc is heavily wounded.
The orc hits you with a +0 flail!
* * * LOW HITPOINT WARNING * * *
The orc completely misses you.
Unknown command.
It was a potion of cancellation.
You feel magically purged. The orc barely misses you.
You riposte.
You hit the orc.
You kill the orc!
It was a potion of attraction.
You feel attractive to monsters. The orc hits you but does no damage.
It was a potion of haste.
You feel yourself speed up. The orc barely misses you.
The orc is pulled toward you!
Found a metal-bound book.
Found 14 gold pieces.
The orc is pulled toward you! The orc is pulled toward you!
A kobold comes into view. It is wielding a +0 dagger.
The kobold moves out of view.
The orc is pulled toward you!
A worm comes into view.
The kobold shouts!
You hear a shout!
The hobgoblin is pulled toward you! The kobold is pulled toward you!
The worm is pulled toward you! The orc completely misses you.
The kobold is pulled toward you! The worm is pulled toward you!
The orc is pulled toward you! The worm is pulled toward you!
Found a glass wand.
The hobgoblin shouts!
The hobgoblin is pulled toward you! The worm is pulled toward you!
You hit the hobgoblin.
The hobgoblin is heavily wounded.
The hobgoblin misses you. The orc hits you with a +0 flail!
You die...

....# #..≈≈. ..
....###........... .
................./ .#
.........##......###.###
.#....##.#..............
.##.#.......####........
.#.o...#.##..........###
.#o....#.##....g........
.......#.##.####@...#
.#.o.....##...wo....#
.......####....K....#
.)#+#### #............
......# #..:......##..
......# #.........# .
......# #.........#
......# #.........#
......# #.....###..


You could see a worm, an orc, a hobgoblin and a kobold.

Vanquished Creatures
  An orc priest (D:4)
  4 adders
  A worm (D:2)
  3 dart slugs
  4 orcs
  7 endoplasms
  4 giant cockroaches
  7 goblins
  5 hobgoblins
  8 jackals
  4 quokkas (D:1)
  10 ball pythons
  A bat (D:2)
  3 frilled lizards
  5 kobolds
  5 rats
72 creatures vanquished.

Notes
Turn   | Place    | Note
-------+----------+-------------------------------------------
     0 | D:1      | karrick the Djinni Gladiator began the quest for the Orb.
     0 | D:1      | Reached XP level 1. HP: 18/18 MP: 0/0
   328 | D:1      | Reached XP level 2. HP: 23/23 MP: 0/0
   434 | D:1      | Reached skill level 3 in Long Blades
   520 | D:1      | Found a faded altar of an unknown god.
   523 | D:1      | Found Iqynaub's Antique Armour Shop.
   588 | D:1      | Reached XP level 3. HP: 26/28 MP: 0/0
   588 | D:1      | Learned a level 1 spell: Apportation
  1854 | D:2      | Reached XP level 4. HP: 25/34 MP: 0/0
  2041 | D:2      | Reached skill level 1 in Stealth
  2137 | D:2      | Reached skill level 1 in Armour
  2711 | D:3      | Reached XP level 5. HP: 36/39 MP: 0/0
  2711 | D:3      | Learned a level 2 spell: Wereblood
  3138 | D:4      | Reached skill level 4 in Long Blades
  3168 | D:4      | Slain by an orc

Illustrated notes

Levels and vault maps discovered:
D:1:      psy_arrival_dodecagon, layout_rooms, serial_forest,
          infiniplex_forest_clump_cross, infiniplex_forest_clump_long,
          infiniplex_forest_clump_diagonal, infiniplex_forest_zigzag_2,
          serial_shops, shop, ebering_ecumenical_altar_petrified,
          minmay_stone_trees_large
D:2:      minmay_chambers_of_twos, layout_basic, minmay_tetromino_t4
D:3:      layout_rooms
D:4:      cheibrodos_helix_gallery, layout_basic, serial_shops, kennysheep_mini

Skill      XL: |  1  2  3  4  5 |
---------------+----------------+-----
Long Blades    | 3 4 |  4.0
Stealth        | 1 |  1.1
Armour         | 1 |  1.5
Fighting       | |  2.6
Throwing       | |  1.8
Dodging        | |  3.6
Evocations     | |  0.8

Action                   |  1- 3 |  4- 6 || total
-------------------------+-------+-------++-------
Melee: Long sword        |   110 |    77 ||   187
  Use: Potion            |       |     5 ||     5
 Stab: Sleeping          |     2 |     2 ||     4
Armor: Leather armour    |    33 |    22 ||    55
Dodge: Dodged            |    73 |    73 ||   146
       Rpst.: Long sword |    22 |    26 ||    48

Table legend: (Time is in decaauts)
 A = Elapsed time spent in this place.
 B = Non-inter-level travel time spent in this place.
 C = Inter-level travel time spent in this place.
 D = Time resting spent in this place.
 E = Time spent auto-exploring this place.
 F = Levels seen in this place.
 G = Mean time per level.
                   A        B        C        D        E       F      G
               +--------+--------+--------+--------+--------+-----+--------+
         Total |   3205 |   3043 |    162 |      0 |   2561 |   4 |  801.2 |
       Dungeon |   3205 |   3043 |    162 |      0 |   2561 |   4 |  801.2 |
               +--------+--------+--------+--------+--------+-----+--------+

Top non-repeatable levels by time:
     D:1: 1207 daAuts
     D:2: 1207 daAuts
     D:3: 620 daAuts
     D:4: 170 daAuts
